cohdb
Replays
Latest Replays
All Replays
Popular Replays
Top Player Replays
Match Explorer
How It Works
Community
CoH3 Stats
Reddit
Sign in to upload your games and track your stats! →
Sign in with Steam
Match 43609247
Unlisted
Match 43609247
Overview
Messages
Build Orders
End
Construct Section Command Post
Dingo Light Scout Car
Infantry Section
Selects Australian Defense Battlegroup
Selects Australian Light Infantry Section
Australian Light Infantry Section
Infantry Section
Construct Platoon Command Post
Humber Armored Car
Infantry Training
Selects CMP 15cwt Supply Run
6-pounder Anti-tank Gun Team
Construct Company Command Post
Matilda II Heavy Tank
Selects Reinforced Resource Caches
Selects Defensive Tactics
Foot Guards Section
Selects Vehicle Over Repair
Matilda II Heavy Tank
Matilda II Heavy Tank
Firemission: ZULU!
Havoc
Symbiosis
deceiv3r
0
0
Comments
sign in to comment!
No comments posted yet!